 Dungeon Crawl Stone Soup version 0.21.1-1-g345015f (webtiles) character file.

68 iamserjio the Skirmisher (level 4, -4/33 HPs)
             Began as an Octopode Monk on Apr 7, 2018.
             Slain by a gnoll
             ... wielding a +0 spear
              (5 damage)
             ... on level 1 of the Dungeon.
             The game lasted 00:03:56 (1450 turns).

iamserjio the Skirmisher (Octopode Monk)            Turns: 1450, Time: 00:03:57

Health: -4/33      AC:  1    Str: 10    XL:     4   Next: 19%
Magic:  4/4        EV: 15    Int: 12    God:
Gold:   130        SH:  0    Dex: 15    Spells: 3/3 levels left

rFire    . . .     SeeInvis .   a - +0 short sword
rCold    . . .     Gourm    .   (no shield)
rNeg     . . .     Faith    .   (helmet restricted)
rPois    .         Spirit   .   (no amulet)
rElec    .         Reflect  .   (no ring)
rCorr    .         Harm     .   (no ring)
MR       .....                  (no ring)
Stlth    +++.......             (no ring)
HPRegen  0.11/turn              (no ring)
MPRegen  0.09/turn              (no ring)
                                (no ring)
                                (no ring)

@: no status effects
A: almost no armour, stealthy swim, amphibious, 8 rings, constrict 8, camouflage
1, gelatinous body 1
a: no special abilities


You were on level 1 of the Dungeon.
You were not hungry.

You visited 1 branch of the dungeon, and saw 2 of its levels.

You collected 130 gold pieces.

Inventory:

Hand Weapons
 a - a +0 short sword (weapon)
Jewellery
 g - an uncursed ring of flight {unknown}
 j - an uncursed ring of positive energy {unknown}
 o - a +5 ring of dexterity {unknown}
Scrolls
 d - a scroll of blinking {unknown}
 e - 3 scrolls of identify {unknown}
 f - 2 scrolls of fear {unknown}
 h - a scroll of remove curse {unknown}
 k - a scroll of enchant armour {unknown}
 l - a scroll of immolation {unknown}
 p - a scroll of enchant weapon {unknown}
Potions
 i - 2 potions of flight {unknown}
 m - a potion of might {unknown}
 n - a potion of curing {unknown}
 q - a potion of haste {unknown}
Comestibles
 b - 6 rations
 c - 3 chunks of flesh


   Skills:
 * Level 3.8 Fighting
 - Level 3.1 Short Blades
 * Level 3.7 Dodging
 + Level 3.6 Stealth


You had 3 spell levels left.
You didn't know any spells.

Dungeon Overview and Level Annotations

Branches:
Dungeon (2/15)

Altars:

Annotations:
D:2 Terence


Innate Abilities, Weirdness & Mutations

You cannot wear most types of armour.
You are very stealthy in the water. (Stealth+)
You are amphibious.
You can wear up to eight rings at the same time.
You can use your tentacles to constrict eight enemies at once.
Your skin changes colour to match your surroundings (Stealth+).
Your rubbery body absorbs attacks. (AC +1, EV +1)


Message History

You constrict the gnoll. The gnoll barely misses you.
You hit the gnoll but do no damage.
The gnoll is moderately wounded.
You constrict the gnoll, but do no damage.
The gnoll hits you with a flail of protection!
* * * LOW HITPOINT WARNING * * *
The gnoll barely misses you.
You hit the gnoll but do no damage.
The gnoll is moderately wounded.
You constrict the gnoll. The gnoll closely misses you.
You hit the gnoll but do no damage.
The gnoll is heavily wounded.
You constrict the gnoll. The gnoll hits you with a spear!
* * * LOW HITPOINT WARNING * * *
The gnoll completely misses you.
You hit the gnoll.
The gnoll is almost dead.
You constrict the gnoll, but do no damage.
The gnoll hits you with a spear.
You die...

#....#...###.#.#....###.#.#.#
#.##.##### #...#.##.# #.#...#
#.##.....# ##..#....###'######
..######.# #..#.#...........#
#......#.####..#.#...........#
'......#.#.....#.'.).........#
#......#.#.###...#...........#
#......#...# ##g.#...####'####
'......##### #g@##### #[#
#......# #### #.# ......##
#######.# #####.# #.......# #
#.#############.####### #
#.............#.# #
#############.#.# # #.#.# #
#...#


You could see 2 gnolls.

Vanquished Creatures
  A gnoll (D:1)
  2 adders (D:2)
  A dart slug (D:1)
  A leopard gecko (D:2)
  An orc (D:1)
  2 ball pythons
  3 giant cockroaches
  A hobgoblin (D:1)
  2 quokkas (D:2)
  2 bats
  A frilled lizard (D:1)
  7 goblins
  4 kobolds (D:1)
  8 rats
36 creatures vanquished.

Notes
Turn   | Place    | Note
-------+----------+-------------------------------------------
     0 | D:1      | iamserjio the Octopode Monk began the quest for the Orb.
     0 | D:1      | Reached XP level 1. HP: 16/16 MP: 1/1
     2 | D:1      | Noticed an elf
     2 | D:1      | Noticed a draconian
     4 | D:1      | Noticed a merfolk
     4 | D:1      | Noticed a human
     6 | D:1      | Noticed an octopode
     6 | D:1      | Noticed a minotaur
     8 | D:1      | Noticed a centaur
     8 | D:1      | Noticed a naga
    10 | D:1      | Noticed an ogre
    10 | D:1      | Noticed a ghoul
    12 | D:1      | Noticed a dwarf
    15 | D:1      | Noticed a halfling
    15 | D:1      | Noticed a tengu
    17 | D:1      | Noticed a troll
    17 | D:1      | Noticed a vampire
    19 | D:1      | Noticed a demonspawn
    22 | D:1      | Noticed a formicid
    24 | D:1      | Noticed a demigod
    24 | D:1      | Noticed a vine stalker
    26 | D:1      | Noticed a gargoyle
    28 | D:1      | Noticed a felid
    28 | D:1      | Noticed a spriggan
   171 | D:1      | Reached XP level 2. HP: 19/21 MP: 2/2
   576 | D:1      | Reached XP level 3. HP: 22/26 MP: 3/3
   871 | D:2      | Noticed Terence
  1283 | D:1      | Reached XP level 4. HP: 28/33 MP: 4/4
  1449 | D:1      | HP: 1/33 [gnoll/spear (7)]
  1450 | D:1      | Slain by a gnoll

Skill      XL: |  1 |
---------------+----+-----
Stealth        | 3 |  3.6
Fighting       | |  3.8
Short Blades   | |  3.1
Dodging        | |  3.7

Action                   |  1- 3 |  4- 6 || total
-------------------------+-------+-------++-------
Melee: Short sword       |    63 |    11 ||    74
       Constrict         |    16 |     3 ||    19
       Tentacles         |     4 |     1 ||     5
 Stab: Sleeping          |    10 |       ||    10
  Eat: Chunk             |     1 |     1 ||     2
Armor: Skin              |     4 |       ||     4
Dodge: Dodged            |    54 |    21 ||    75
